 Dungeon Crawl Stone Soup version 0.32-a0-893-gf85d74f (webtiles) character file.

Game seed: 3179167212763581527

448 danspanner the Shield-Bearer (level 7, -1/44 HPs)
             Began as a Gargoyle Fighter on Apr 3, 2024.
             Slain by a wight
             ... wielding a +3 dagger
              (3 damage)
             ... on level 6 of the Dungeon.
             The game lasted 00:11:00 (2232 turns).

danspanner the Shield-Bearer (Gargoyle Fighter)     Turns: 2232, Time: 00:11:01

Health: -1/44      AC: 12    Str: 18 (21) XL:     7   Next: 3%
Magic:  7/7        EV:  8    Int:  7 (9)  God:
Gold:   181        SH:  4    Dex:  6 (9)  Spells: 6/6 levels left

rFire   . . .        a - +0 flail
rCold   . . .        c - +0 buckler
rNeg    + . .        b - +0 scale mail
rPois   ∞            (no helmet)
rElec   +            (no cloak)
rCorr   .            (no gloves)
SInv    .            (no boots)
Will    .....        (no amulet) Stlth
                     (no ring)
HPRegen 0.27/turn    (no ring)
MPRegen 0.10/turn

%: no passive effects
@: no status effects
A: sickness immunity, AC +4, negative energy resistance 1, electricity
resistance, torment resistance 1, petrification resistance
a: no special abilities


You were on level 6 of the Dungeon.
You visited 1 branch of the dungeon, and saw 4 of its levels.

You collected 181 gold pieces.

Inventory:

Hand Weapons
 a - a +0 flail (weapon)
Armour
 b - a +0 scale mail (worn)
 c - a +0 buckler (worn)
Scrolls
 h - a scroll of fog
 j - a scroll of enchant weapon
 k - a scroll of fear {unknown}
Potions
 d - a potion of might
 e - 2 potions of ambrosia
 f - a potion of enlightenment
 g - a potion of haste
 i - a potion of curing


   Skills:
 + Level 5.1 Fighting
 + Level 3.9 Maces & Flails
 + Level 5.0 Armour
 + Level 5.1 Shields


You had 6 spell levels left.
You didn't know any spells.
Your spell library was empty.

Dungeon Overview and Level Annotations

Branches:
Dungeon (3/15)

Altars:

Shops:
D:2 [


Innate Abilities, Weirdness & Mutations

You are immune to sickness and miasma.
Your stone body is resilient. (AC +4)
You are immune to poison.
You resist negative energy. (rN+)
You are resistant to electric shocks. (rElec)
You are resistant to unholy torment.
You are immune to petrification.


Message History

The wight is heavily damaged.
The wight closely misses you.
You closely miss the wight.
The wight is heavily damaged.
The wight barely misses you. The wight hits you but does no damage.
You hit the wight.
The wight is almost destroyed.
The wight closely misses you.
You sock the wight!
You destroy the wight!
Your Armour skill increases to level 5!
You have reached level 7!
You hit the wight but do no damage. The wight closely misses you.
You barely miss the wight. The wight hits you with a +3 dagger.
* * * LOW HITPOINT WARNING * * *
The wight hits you with a +3 dagger.
* * * LOW HITPOINT WARNING * * *
The wight attacks as it pursues you! The wight hits you but does no damage.
The wight attacks as it pursues you! The wight hits you but does no damage.
Okay, then.
Unknown command.
Unknown command.
The wight attacks as it pursues you! The wight closely misses you.
The wight attacks as it pursues you! The wight hits you but does no damage.
You barely miss the wight. The wight barely misses you.
The wight hits you but does no damage.
You barely miss the wight. The wight hits you with a +3 dagger.
* * * LOW HITPOINT WARNING * * *
You hit the wight but do no damage. The wight hits you but does no damage.
You closely miss the wight. The wight hits you with a +3 dagger.
* * * LOW HITPOINT WARNING * * *
The wight hits you with a +3 dagger.
* * * LOW HITPOINT WARNING * * *
The wight attacks as it pursues you! The wight hits you with a +3 dagger.
* * * LOW HITPOINT WARNING * * *
It was a potion of degeneration.
There was something very wrong with that liquid.
You feel weakened.
You feel dopey.
You feel clumsy. The wight hits you with a +3 dagger.
You die...

#.##.#.# ####..#..
#.##.#.# ##....
#.##...# #)#..
#.###..# #.#.. #.#
##.# #.#.. #.# #.#
##.# . #.#
#.#########..#
#.#######........##
#...@zz...########
#..######## ####


You could see 2 wights.

Vanquished Creatures
  Grinder (D:3)
  2 wights (D:6)
  An iguana (D:6)
  6 gnolls
  An adder (D:2)
  2 dart slugs
  A ribbon worm (D:2)
  4 ball pythons
  5 endoplasms
  A giant cockroach (D:1)
  8 goblins
  5 hobgoblins
  3 jackals (D:1)
  2 quokkas
  6 bats
  3 frilled lizards
  4 kobolds
  6 rats
61 creatures vanquished.

Notes
Turn   | Place    | Note
-------+----------+-------------------------------------------
     0 | D:1      | danspanner the Gargoyle Fighter began the quest for the
                  | Orb.
     0 | D:1      | Reached XP level 1. HP: 14/14 MP: 1/1
   117 | D:1      | Reached XP level 2. HP: 19/19 MP: 2/2
   280 | D:1      | Reached XP level 3. HP: 23/23 MP: 3/3
   736 | D:2      | Found Aqul's Armour Shoppe.
   864 | D:2      | Reached XP level 4. HP: 16/29 MP: 4/4
  1658 | D:3      | Noticed Grinder
  1671 | D:3      | Paralysed by Grinder for 3 turns
  1677 | D:3      | Paralysed by Grinder for 4 turns
  1708 | D:3      | Paralysed by Grinder for 2 turns
  1710 | D:3      | Killed Grinder
  1711 | D:3      | Reached XP level 5. HP: 14/34 MP: 5/5
  1711 | D:3      | Reached XP level 6. HP: 16/39 MP: 6/6
  1982 | D:3      | You fall into a shaft and drop 3 floors!
  2197 | D:6      | Reached skill level 5 in Fighting
  2197 | D:6      | Reached skill level 5 in Shields
  2210 | D:6      | Reached skill level 5 in Armour
  2210 | D:6      | Reached XP level 7. HP: 14/44 MP: 7/7
  2228 | D:6      | HP: 2/44 [wight/+3 dagger (2)]
  2232 | D:6      | Slain by a wight

Illustrated notes

Levels and vault maps discovered:
D:1:      lemuel_arrival_tunnels, layout_basic
D:2:      layout_basic, serial_shops, shop
D:3:      layout_basic, hangedman_decor_points, uniq_grinder
D:6:      layout_rooms, serial_shops, kennysheep_mini_moat

Skill      XL: |  1  2  3  4  5  6 |
---------------+-------------------+-----
Shields        | 4 5 |  5.1
Fighting       | 4 5 |  5.1
Armour         | 4 5 |  5.0
Maces & Flails | 3 |  3.9

Action                     |  1- 3 |  4- 6 |  7- 9 || total
---------------------------+-------+-------+-------++-------
  Melee: Flail             |   122 |   100 |     6 ||   228
    Use: Scroll            |       |     7 |       ||     7
         Potion            |       |       |     1 ||     1
 Armour: Scale mail        |   109 |    73 |    12 ||   194
  Dodge: Dodged            |    56 |    32 |     3 ||    91
  Block: Buckler           |    36 |    15 |       ||    51

Table legend: (Time is in decaauts)
 A = Elapsed time spent in this place.
 B = Non-inter-level travel time spent in this place.
 C = Inter-level travel time spent in this place.
 D = Time resting spent in this place.
 E = Time spent auto-exploring this place.
 F = Levels seen in this place.
 G = Mean time per level.
                   A        B        C        D        E       F      G
               +--------+--------+--------+--------+--------+-----+--------+
         Total |   2298 |   2204 |     94 |      0 |   1641 |   4 |  574.5 |
       Dungeon |   2298 |   2204 |     94 |      0 |   1641 |   4 |  574.5 |
               +--------+--------+--------+--------+--------+-----+--------+

Top non-repeatable levels by time:
     D:2: 806 daAuts
     D:1: 716 daAuts
     D:3: 514 daAuts
     D:6: 260 daAuts
